 Dungeon Crawl Stone Soup version 0.31-a0-1626-g5cb510d322 (webtiles) character file.

Game seed: 13761781450725747718

97 senseless the Digger (level 4, -2/24 HPs)
             Began as a Gargoyle Earth Elementalist on Jan 12, 2024.
             Incinerated by a bombardier beetle (3 damage)
             ... with a burning spray
             ... on level 3 of the Dungeon.
             The game lasted 00:05:48 (2068 turns).

senseless the Digger (Gargoyle Earth Elementalist)  Turns: 2068, Time: 00:05:48

Health: -2/24      AC:  5    Str: 12    XL:     4   Next: 68%
Magic:  3/7        EV: 12    Int: 17    God:
Gold:   101        SH:  0    Dex: 10    Spells: 1/8 levels left

rFire   . . .        j - +3 dagger
rCold   . . .        (no shield)
rNeg    + . .        a - +0 robe
rPois   ∞            (no helmet)
rElec   +            (no cloak)
rCorr   +            (no gloves)
SInv    .            (no boots)
Will    .....        (no amulet)
Stlth   +            h - ring of resist corrosion
HPRegen 0.24/turn    (no ring)
MPRegen 0.10/turn

%: no passive effects
@: on fire, attractive, glowing
A: sickness immunity, AC +3, negative energy resistance 1, electricity
resistance, torment resistance 1, petrification resistance
a: no special abilities


You were on level 3 of the Dungeon.
You visited 1 branch of the dungeon, and saw 3 of its levels.

You collected 101 gold pieces.

Inventory:

Hand Weapons
 j - a +3 dagger (weapon)
Missiles
 k - 7 poisoned darts
Armour
 a - a +0 robe (worn)
Jewellery
 f - a ring of ice
 h - a ring of resist corrosion (left hand)
Talismans
 p - a flux talisman
 q - a maw talisman
Scrolls
 m - 2 scrolls of blinking
Potions
 b - a potion of magic
 c - a potion of attraction
 d - a potion of ambrosia {unknown}
 e - a potion of invisibility {unknown}
 i - 2 potions of heal wounds {unknown}
 l - a potion of might {unknown}
 n - 2 potions of curing {unknown}
 o - a potion of brilliance {unknown}


   Skills:
 + Level 2.2 Dodging
 + Level 3.1 Stealth
 + Level 2.6 Spellcasting
 + Level 2.2 Conjurations
 + Level 4.3 Earth Magic


You had one spell level left.
You knew the following spells:

 Your Spells              Type           Power      Damage    Failure   Level
a - Sandblast             Erth           32%        2d9       3%          1
b - Stone Arrow           Conj/Erth      26%        3d8       14%         3
c - Passwall              Erth           16%        N/A       10%         3

Your spell library contained the following spells:

 Spells                   Type           Power      Damage    Failure   Level
 Brom's Barrelling Bould  Conj/Erth      13%        2d4       43%         4
 Petrify                  Alch/Erth      9%         N/A       58%         4


Dungeon Overview and Level Annotations

Branches:
Dungeon (3/15)

Altars:


Innate Abilities, Weirdness & Mutations

You are immune to sickness and miasma.
Your stone body is resilient. (AC +3)
You are immune to poison.
You resist negative energy. (rN+)
You are resistant to electric shocks. (rElec)
You are resistant to unholy torment.
You are immune to petrification.


Message History

You open the door.
There is an open door here.
A bat comes into view.
A bat is nearby!
The blast of sand hits the bat!
You kill the bat!
You open the door.
There is an open door here.
You open the door.
There is an open door here.
As you open the door, it creaks loudly!
A bombardier beetle comes into view.
The blast of sand hits the bombardier beetle.
The bombardier beetle is moderately wounded.
The bombardier beetle sprays incendiary fluid at you.
The burning spray hits you.
You are covered in liquid fire!
The blast of sand hits the bombardier beetle.
The bombardier beetle is heavily wounded.
The liquid fire burns you!
The blast of sand hits the bombardier beetle.
The bombardier beetle is severely wounded.
The liquid fire burns you!
The blast of sand hits the bombardier beetle but does no damage.
The bombardier beetle is severely wounded.
The liquid fire burns you!
* * * LOW HITPOINT WARNING * * *
You are too injured to fight recklessly!
You hit the bombardier beetle but do no damage.
The bombardier beetle is severely wounded.
The liquid fire burns you!
* * * LOW HITPOINT WARNING * * *
The bombardier beetle bites you but does no damage.
You shake off some of the fire as you move.
The liquid fire burns you!
* * * LOW HITPOINT WARNING * * *
It was a potion of attraction.
You feel attractive to monsters. The liquid fire burns you!
You die...

# #.# # ### #.# #
..# #.# # #.# #.#
# #.# #.# #
##########.###.#
#
...............#
# #.....##...###
## #.......B@...#
.# #.....#####..#
.#
+.....'.........
.#
#.....#####..###.
.#
#.....######...
.#
#.....#........
.# #.....#......#
## ####..'......#
####......#


You could see a bombardier beetle.

Vanquished Creatures
  5 adders (D:2)
  2 ribbon worms (D:2)
  4 ball pythons (D:1)
  6 bats
  3 endoplasms
  3 giant cockroaches
  2 goblins (D:1)
  6 hobgoblins
  3 frilled lizards (D:2)
  9 kobolds
  3 rats
  A spectral goblin (D:2)
47 creatures vanquished.

Notes
Turn   | Place    | Note
-------+----------+-------------------------------------------
     0 | D:1      | senseless the Gargoyle Earth Elementalist began the quest
                  | for the Orb.
     0 | D:1      | Reached XP level 1. HP: 10/10 MP: 3/3
   162 | D:1      | Reached XP level 2. HP: 15/15 MP: 3/5
   787 | D:1      | Reached XP level 3. HP: 19/19 MP: 4/6
   899 | D:1      | Learned a level 3 spell: Stone Arrow
   905 | D:2      | Reached skill level 4 in Earth Magic
  1258 | D:2      | Found a faded altar of an unknown god.
  1340 | D:2      | Reached XP level 4. HP: 24/24 MP: 3/7
  1799 | D:2      | Learned a level 3 spell: Passwall
  2067 | D:3      | HP: 1/24 [burnt (3)]
  2068 | D:3      | Incinerated by a bombardier beetle

Illustrated notes

Levels and vault maps discovered:
D:1:      tarquinn_simple_flora_water_e, layout_basic
D:2:      layout_basic, dreamdust_ecumenical_altar_drowned_temple,
          due_unseen_surprise
D:3:      layout_basic, serial_shops, shop_fountains

Skill      XL: |  1  2  3 |
---------------+----------+-----
Earth Magic    | 4 |  4.3
Dodging        | 2 |  2.2
Stealth        | 3 |  3.1
Conjurations   | 2 |  2.2
Spellcasting   | |  2.6

Action                     |  1- 3 |  4- 6 || total
---------------------------+-------+-------++-------
  Melee: Dagger            |     6 |     1 ||     7
   Cast: Sandblast         |    46 |    19 ||    65
         Passwall          |       |     2 ||     2
    Use: Scroll            |     2 |     1 ||     3
         Potion            |       |     1 ||     1
 Armour: Robe              |     7 |     1 ||     8
  Dodge: Dodged            |     6 |     1 ||     7

Table legend: (Time is in decaauts)
 A = Elapsed time spent in this place.
 B = Non-inter-level travel time spent in this place.
 C = Inter-level travel time spent in this place.
 D = Time resting spent in this place.
 E = Time spent auto-exploring this place.
 F = Levels seen in this place.
 G = Mean time per level.
                   A        B        C        D        E       F      G
               +--------+--------+--------+--------+--------+-----+--------+
         Total |   2105 |   1995 |    110 |     62 |   1607 |   3 |  701.7 |
       Dungeon |   2105 |   1995 |    110 |     62 |   1607 |   3 |  701.7 |
               +--------+--------+--------+--------+--------+-----+--------+

Top non-repeatable levels by time:
     D:2: 1070 daAuts
     D:1: 911 daAuts
     D:3: 124 daAuts
